[Event "*** Titled Tuesday Blitz"]
[Site "Chess.com"]
[Date "2020.04.14"]
[Round "4"]
[White "Mfcyryd"]
[Black "KoustavChatterjee1"]
[Result "0-1"]
[WhiteElo "2475"]
[BlackElo "2724"]
[TimeControl "180+1"]
[EndTime "10:37:16 PDT"]
[Termination "KoustavChatterjee1 won on time"]

1. e4 Nf6 2. e5 Nd5 3. d4 d6 4.
exd6 cxd6 5. c4 Nb6 6. Be3 g6 7. Nc3 Bg7 8. Rc1 O-O 9. b3 Bf5 10. h3 d5 11. Nf3 Nc6 12. Be2 Be4 13. Nxe4 dxe4 14. Ng5 Bxd4 0-1

[Event "*** Titled Tuesday Blitz"]
[Site "Chess.com"]
[Date "2020.04.14"]
[Round "4"]
[White "LionTheLeon_06"]
[Black "RD4ever"]
[Result "0-1"]
[WhiteElo "2666"]
[BlackElo "2867"]
[TimeControl "180+1"]
[EndTime "10:37:19 PDT"]
[Termination "RD4ever won by resignation"]

1. Nf3 d5 2. g3 Nd7 3. c4 dxc4 4. Na3 e5 5. Nxc4 e4 6. Nd4 Nb6 7. Nxb6 axb6 8. Nc2 Nf6 9. Bg2 h5 10. b3 h4 11. gxh4 Ng4 12. Ne3 Nxf2 13. Kxf2 Qf6+ 14. Ke1 Qxa1 15. Qc2 Ba3 16. Qxe4+ Be6 17. Kf2 Bxc1 18. Nd5 O-O 19. Ne7+ Kh8 20. d4 Qc3 0-1

[Event "*** Titled Tuesday Blitz"]
[Site "Chess.com"]
[Date "2020.04.14"]
[Round "4"]
[White "TomasKapitanchuk"]
[Black "Msb2"]
[Result "0-1"]
[WhiteElo "2491"]
[BlackElo "2896"]
[TimeControl "180+1"]
[EndTime "10:37:19 PDT"]
[Termination "Msb2 won by resignation"]

1. e4 e6 2. d4 d5 3. Nd2 Be7 4. Bd3 c5 5. dxc5 Nf6 6. Qe2 O-O 7.
Ngf3 a5 8. c3 Na6 9. e5 Nd7 10.
O-O Naxc5 11. Bc2 b6 12. Re1 Ba6 13. Qe3 f6 14. exf6 Bxf6 15. Nb3 a4 16. Nxc5 Nxc5 17. b4 axb3 18. axb3 Bb7 19. Rxa8 Bxa8 20. b4 Ne4 21.
Bxe4 dxe4 22. Nd4 Qd5 23. Bb2 Qa2 24. Qc1 Bd5 25. Qa1 Qc4 26. Qa7 Bxd4 27. cxd4 Qc2 28.
Qa1 Qxf2+ 29. Kh1 e3 30. Rg1 e2 31. Bc3 Qxg2+ 32. Rxg2 Rf1+ 0-1

[Event "*** Titled Tuesday Blitz"]
[Site "Chess.com"]
[Date "2020.04.14"]
[Round "4"]
[White "cukin84"]
[Black "GuerrieroFromLevant"]
[Result "0-1"]
[WhiteElo "2101"]
[BlackElo "2351"]
[TimeControl "180+1"]
[EndTime "10:37:20 PDT"]
[Termination "GuerrieroFromLevant won by resignation"]

1. e4 e6 2. d4 d5 3. Nc3 Nf6 4. e5 Nfd7 5. f4 c5 6. Nf3 Nc6 7. Be3 a6 8. Qd2 b5 9. a3 Qa5 10. Ra2 Qb6 11. Be2 cxd4 12. Nxd4 Bc5 13. Nxc6 Bxe3 14.
Qd3 Bb7 15. Nb4 a5 16. Nxb5 Bc5 17. Qg3 axb4 18. Qxg7 Rf8 19. f5 Ba6 20. a4 Bxb5 21.
Bxb5 Kd8 22. Bxd7 Kxd7 23. Rf1 b3 24. cxb3 Qb4+ 25. Kd1 Qd4+ 26. Kc1 Qe3+ 27. Kb1 Qd3+ 28. Kc1 Qxf1+ 29. Kc2 Qxf5+ 30. Kd1 Qf1+ 31. Kc2 Rac8 0-1

[Event "*** Titled Tuesday Blitz"]
[Site "Chess.com"]
[Date "2020.04.14"]
[Round "4"]
[White "giantslayer83"]
[Black "Lupul_Cenusiu"]
[Result "1-0"]
[WhiteElo "2727"]
[BlackElo "2481"]
[TimeControl "180+1"]
[EndTime "10:37:21 PDT"]
[Termination "giantslayer83 won by checkmate"]

1. d4 Nf6 2. c4 e6 3. Nf3 d5 4. Nc3 Be7 5. Bf4 O-O 6. e3 a6 7. c5 Nc6 8. a3 Ne4 9. Bd3 f5 10.
Ne5 Nxe5 11. Bxe5 Bf6 12. Bxf6 Qxf6 13. O-O Bd7 14. f3 Nxc3 15. bxc3 e5 16. Qb3 Bc6 17. f4 exd4 18. exd4 Rae8 19. Rae1 Rxe1 20. Rxe1 Qh4 21.
g3 Qd8 22. Re5 g6 23. c4 dxc4 24. Bxc4+ Kg7 25. d5 Bb5 26. Bxb5 axb5 27. Qxb5 Qa8 28. a4 c6 29. Qb2 Kh6 30. Re7 Qxa4 31. Qg7+ Kh5 32.
Qxh7+ Kg4 33. Qxg6+ Kf3 34. Qh5# 1-0

[Event "*** Titled Tuesday Blitz"]
[Site "Chess.com"]
[Date "2020.04.14"]
[Round "4"]
[White "ENEASZ"]
[Black "SmoothAsAHedgehog"]
[Result "0-1"]
[WhiteElo "2498"]
[BlackElo "2664"]
[TimeControl "180+1"]
[EndTime "10:37:22 PDT"]
[Termination "SmoothAsAHedgehog won on time"]

1. e4 e5 2. Nf3 Nc6 3. Bc4 Bc5 4. O-O Nf6 5. d3 d6 6. c3 O-O 7. Nbd2 Bb6 8. h3 Ne7 9. Re1 Ng6 10. Nf1 h6 11. Be3 Nh7 12. Ng3 Qf6 13. d4 Ng5 14.
Nxg5 hxg5 15. f3 Nf4 16. Qd2 g6 17. dxe5 dxe5 18. Bxb6 axb6 19. Nf1 Kg7 20. Ne3 c6 21. Ng4 Qe7 22. Bb3 Bxg4 23. hxg4 Rad8 0-1

[Event "*** Titled Tuesday Blitz"]
[Site "Chess.com"]
[Date "2020.04.14"]
[Round "4"]
[White "BAS8892"]
[Black "WastefulJustice"]
[Result "1-0"]
[WhiteElo "2655"]
[BlackElo "2449"]
[TimeControl "180+1"]
[EndTime "10:37:23 PDT"]
[Termination "BAS8892 won by resignation"]

1. d4 Nf6 2. Bf4 d6 3. Nc3 g6 4.
e4 Bg7 5. Qd2 O-O 6. O-O-O Nc6 7.
Nf3 a6 8. Bh6 Bg4 9. Qe3 e5 10.
Bxg7 Kxg7 11. dxe5 Nxe5 12. Be2 Qe7 13. Nxe5 Qxe5 14.
f3 Be6 15. g4 Rfe8 16. f4 Qa5 17. g5 Nd7 18. h4 Bxa2 19. h5 Nc5 20. hxg6 hxg6 21.
Qd4+ Kf8 22. Qf6 1-0

[Event "*** Titled Tuesday Blitz"]
[Site "Chess.com"]
[Date "2020.04.14"]
[Round "4"]
[White "Alopekos"]
[Black "ARMQUEEN"]
[Result "0-1"]
[WhiteElo "2422"]
[BlackElo "2251"]
[TimeControl "180+1"]
[EndTime "10:37:25 PDT"]
[Termination "ARMQUEEN won on time"]

1. e4 c5 2. Nc3 Nc6 3. Nge2 g6 4. d4 cxd4 5. Nxd4 Bg7 6. Nxc6 bxc6 7. Bc4 Qa5 8. Bd2 Qb6 9. Qf3 e6 10. O-O Ne7 11. Bg5 Qxb2 12. Bf6 O-O 13. Nd5 Bxf6 14. Nxf6+ Kg7 15. c3 Qd2 16. Rfd1 Qg5 17. Nxd7 Rd8 0-1

[Event "*** Titled Tuesday Blitz"]
[Site "Chess.com"]
[Date "2020.04.14"]
[Round "4"]
[White "Durarbayli"]
[Black "FrogMist"]
[Result "1-0"]
[WhiteElo "2820"]
[BlackElo "2478"]
[TimeControl "180+1"]
[EndTime "10:37:28 PDT"]
[Termination "Durarbayli won by resignation"]

1. e4 e5 2. Nf3 Nc6 3. Bb5 a6 4. Ba4 Nf6 5. d3 Bc5 6. Bxc6 dxc6 7. O-O Bd6 8. Nbd2 Be6 9. b3 Nd7 10. Bb2 f6 11. Nc4 Qe7 12. Ne3 c5 13. Nd2 Nb8 14. Ndc4 Nc6 15. Nxd6+ Qxd6 16. Qh5+ g6 17. Qh4 Bf7 18.
f4 exf4 19. Qxf4 Qxf4 20. Rxf4 O-O 21. Rxf6 Rae8 22. Ng4 h5 23. Nh6+ Kg7 24. Rxf7+ Kxh6 25. Bg7+ 1-0

[Event "*** Titled Tuesday Blitz"]
[Site "Chess.com"]
[Date "2020.04.14"]
[Round "4"]
[White "LittlePeasant"]
[Black "Joshukid"]
[Result "1-0"]
[WhiteElo "2818"]
[BlackElo "2575"]
[TimeControl "180+1"]
[EndTime "10:37:29 PDT"]
[Termination "LittlePeasant won by resignation"]

1. d4 Nf6 2. c4 e6 3. Nc3 Bb4 4. Bd2 O-O 5. e3 c5 6. a3 Bxc3 7. Bxc3 d6 8. Bd3 Nc6 9. Ne2 e5 10. O-O Bg4 11. f3 Bh5 12. b4 cxd4 13. exd4 exd4 14.
Nxd4 Ne5 15. Be2 Rc8 16. Qb3 Re8 17. Rad1 Qb6 18. Kh1 Nc6 19. Qb2 Ne5 20. Nb5 Rcd8 21. Nxd6 Rxd6 22. c5 Rxd1 23. cxb6 Rxf1+ 24. Bxf1 1-0

[Event "*** Titled Tuesday Blitz"]
[Site "Chess.com"]
[Date "2020.04.14"]
[Round "4"]
[White "Berardino"]
[Black "Harry_Rakkel"]
[Result "0-1"]
[WhiteElo "2681"]
[BlackElo "2533"]
[TimeControl "180+1"]
[EndTime "10:37:29 PDT"]
[Termination "Harry_Rakkel won by resignation"]

1. e4 c5 2. Nc3 Nc6 3. g3 g6 4. Bg2 Bg7 5. d3 d6 6. Be3 Rb8 7. Qd2 b5 8. Nge2 b4 9. Nd1 Nd4 10. O-O e6 11. Nc1 Ne7 12. c3 bxc3 13. bxc3 Ndc6 14. Bh6 O-O 15. Bxg7 Kxg7 16. d4 cxd4 17. cxd4 Qa5 18. Qe3 Ba6 19. Nb3 Rxb3 20. Qxb3 Bxf1 21. Bxf1 Nxd4 22. Qb7 Nec6 23. Rc1 Rb8 24. Qd7 Qd2 25.
Rxc6 Nxc6 26. Ne3 Rb2 0-1

[Event "*** Titled Tuesday Blitz"]
[Site "Chess.com"]
[Date "2020.04.14"]
[Round "4"]
[White "exoticprincess"]
[Black "RATNAKARAN"]
[Result "1-0"]
[WhiteElo "2801"]
[BlackElo "2552"]
[TimeControl "180+1"]
[EndTime "10:37:30 PDT"]
[Termination "exoticprincess won by resignation"]

1. d4 Nf6 2. c4 c5 3. d5 e6 4. Nc3 exd5 5. cxd5 d6 6. e4 g6 7. Bb5+ Nbd7 8. f4 a6 9. Bxd7+ Nxd7 10. Nf3 b5 11. O-O b4 12. Ne2 Bg7 13. Ng3 O-O 14. Kh1 a5 15. Rb1 Ba6 16. Rf2 c4 17. Be3 Rc8 18. Bd4 c3 19. bxc3 bxc3 20. Rc1 Bxd4 21. Nxd4 Qb6 22. Rfc2 Rc4 23. Nc6 Qc5 24. Qe1 Bb5 25. Rxc3 Nb6 26. Rxc4 Bxc4 27. Qc3 Re8 28. Nxa5 Bxa2 29. Qxc5 dxc5 30. d6 c4 31. Nc6 Bb3 32. Kg1 Ba4 33. Ne7+ Kf8 34. e5 Bd7 35. Ne4 Ra8 36.
Nf6 Be6 37. Nxh7+ Ke8 38. Ng5 Kd7 39. Rb1 Ra6 40. Ne4 Na4 41. Nf6+ 1-0

[Event "*** Titled Tuesday Blitz"]
[Site "Chess.com"]
[Date "2020.04.14"]
[Round "4"]
[White "csati17"]
[Black "Aygehovit1992"]
[Result "0-1"]
[WhiteElo "2532"]
[BlackElo "2720"]
[TimeControl "180+1"]
[EndTime "10:37:36 PDT"]
[Termination "Aygehovit1992 won by resignation"]

1. c4 g6 2. Nc3 e5 3. g3 Bg7 4. Bg2 Nc6 5. e3 d6 6. Nge2 h5 7. h3 h4 8. g4 f5 9. gxf5 Bxf5 10. d4 exd4 11. Bxc6+ bxc6 12. Nxd4 Qd7 13. Qf3 Ne7 14. Nxf5 Qxf5 15. Qxf5 Bxc3+ 16. bxc3 gxf5 17. Rb1 Kd7 18. Rg1 Rhg8 19. Rxg8 Rxg8 20. Kf1 c5 21. Rb2 Nc6 22.
e4 fxe4 23. Re2 Re8 24. Bg5 Na5 25. Bxh4 Nxc4 26. Bg5 d5 27. h4 d4 28. cxd4 cxd4 29. Rc2 Ne5 30. Bf6 Nf3 31. h5 d3 32. Rc5 Rg8 0-1

[Event "*** Titled Tuesday Blitz"]
[Site "Chess.com"]
[Date "2020.04.14"]
[Round "4"]
[White "Nikolaj_6"]
[Black "marianokar"]
[Result "0-1"]
[WhiteElo "2597"]
[BlackElo "2370"]
[TimeControl "180+1"]
[EndTime "10:37:39 PDT"]
[Termination "marianokar won by resignation"]

1. e4 c5 2. Nf3 d6 3. d4 cxd4 4.
Nxd4 Nf6 5. Nc3 Nc6 6. Bg5 e6 7. Qd2 a6 8. O-O-O Bd7 9. f4 h6 10. Bh4 g5 11. fxg5 Ng4 12. Kb1 Be7 13. Nf3 Nge5 14. Be2 b5 15. a3 Rb8 16. Nxe5 Nxe5 17. g3 hxg5 18. Bxg5 Bxg5 19. Qxd6 Bf6 20. Rhf1 Bg7 21.
Qxa6 Qb6 22. Qxb6 Rxb6 23. h4 Nc4 24. Bxc4 bxc4 25. Rf3 Be5 26. Ka2 Bc6 27. Re1 Rg8 28.
Ree3 Bxc3 29. Rxc3 Bxe4 30. Rf4 Bd5 31. g4 Ke7 32. b3 cxb3+ 33. cxb3 Rgb8 34. Rc7+ Kd6 35.
Rfxf7 Rxb3 36. Rfd7+ Ke5 0-1

[Event "*** Titled Tuesday Blitz"]
[Site "Chess.com"]
[Date "2020.04.14"]
[Round "4"]
[White "BronceYSueno"]
[Black "Phriex"]
[Result "1-0"]
[WhiteElo "2439"]
[BlackElo "2428"]
[TimeControl "180+1"]
[EndTime "10:37:40 PDT"]
[Termination "BronceYSueno won by resignation"]

1. Nf3 d5 2. c4 e6 3. g3 Nf6 4.
b3 Be7 5. Bg2 O-O 6. O-O b6 7.
Bb2 Bb7 8. e3 Nbd7 9. Qc2 c5 10.
d3 Rc8 11. Nbd2 Re8 12. Rac1 Bd6 13. Qb1 Qc7 14. Rfd1 Ne5 15. a3 a5 16. Nxe5 Bxe5 17. d4 Bd6 18. dxc5 Bxc5 19. Bxf6 gxf6 20. cxd5 Qe5 21. Nc4 Qg5 22. dxe6 Bxg2 23. exf7+ Kxf7 24. Qxh7+ Qg7 25. Rd7+ Re7 26. Rxe7+ Bxe7 27. Qh5+ Qg6 28. Qxg6+ Kxg6 29. Kxg2 Kg7 30. a4 Bc5 31. Rd1 Rc7 32. Rd8 Rb7 33. h4 Bb4 34. Nd6 Rc7 35. Ne8+ 1-0

[Event "*** Titled Tuesday Blitz"]
[Site "Chess.com"]
[Date "2020.04.14"]
[Round "4"]
[White "Philosopherrr"]
[Black "KetiTsatsalashvili"]
[Result "1-0"]
[WhiteElo "2436"]
[BlackElo "2227"]
[TimeControl "180+1"]
[EndTime "10:37:40 PDT"]
[Termination "Philosopherrr won by checkmate"]

1. e4 c5 2. Nf3 d6 3. Bb5+ Bd7 4. Bd3 Nf6 5. O-O Nc6 6. c3 e6 7. Bc2 Be7 8. d4 O-O 9. Re1 Qc7 10. e5 dxe5 11.
dxe5 Nd5 12. Nbd2 Rad8 13. Qe2 Bc8 14. Nf1 Rfe8 15. Ng3 Bf8 16. Bg5 Be7 17. Qe4 g6 18. Qh4 Rd7 19. Ne4 h5 20. Bxe7 Ncxe7 21. c4 Nf5 22. Qg5 Nb4 23. Nf6+ Kf8 24. Bxf5 exf5 25. Qh6+ Ke7 26. Nxe8 Kxe8 27. e6 Re7 28. Qh8# 1-0

[Event "*** Titled Tuesday Blitz"]
[Site "Chess.com"]
[Date "2020.04.14"]
[Round "4"]
[White "Gordima"]
[Black "Talcrifice"]
[Result "1-0"]
[WhiteElo "2764"]
[BlackElo "2547"]
[TimeControl "180+1"]
[EndTime "10:37:43 PDT"]
[Termination "Gordima won by checkmate"]

1. d4 Nf6 2. c4 e6 3. Nc3 Bb4 4. Qc2 d5 5. cxd5 Qxd5 6. e3 O-O 7.
Bd2 Qd8 8. Nf3 b6 9. Bd3 Bb7 10. O-O Nbd7 11. a3 Be7 12. e4 h6 13. e5 Nd5 14. Ne4 c5 15. Rfe1 cxd4 16. Qd1 Nc5 17. Nxc5 bxc5 18. Qe2 Qb6 19. Qe4 Nf6 20. Qh4 Nd5 21.
Qg3 Kh8 22. Qh3 Kg8 23. Bxh6 gxh6 24. Qxh6 f5 25. exf6 Rxf6 26. Qh7+ Kf8 27. Qh8+ Kf7 28. Ne5# 1-0

[Event "*** Titled Tuesday Blitz"]
[Site "Chess.com"]
[Date "2020.04.14"]
[Round "4"]
[White "Olkaa"]
[Black "gui_borba"]
[Result "1-0"]
[WhiteElo "2649"]
[BlackElo "2359"]
[TimeControl "180+1"]
[EndTime "10:37:44 PDT"]
[Termination "Olkaa won by resignation"]

1. e4 c5 2. Nf3 e6 3. d4 cxd4 4. Nxd4 Nf6 5. Nc3 d6 6. g4 Nc6 7. g5 Nd7 8. Be3 Be7 9. h4 a6 10. Qd2 Nxd4 11. Bxd4 O-O 12. O-O-O b5 13. Bd3 Bb7 14.
Rdg1 Rc8 15. h5 b4 16. g6 e5 17. h6 bxc3 18. gxh7+ Kxh7 19. hxg7+ Bh4 20. Qe2 Kg8 21. Qh5 1-0

[Event "*** Titled Tuesday Blitz"]
[Site "Chess.com"]
[Date "2020.04.14"]
[Round "4"]
[White "Imre91"]
[Black "Quiet_Desperation"]
[Result "1-0"]
[WhiteElo "2597"]
[BlackElo "1931"]
[TimeControl "180+1"]
[EndTime "10:37:45 PDT"]
[Termination "Imre91 won by resignation"]

1. d4 Nf6 2. Bg5 Ne4 3. Bf4 c5 4. d5 d6 5. f3 Nf6 6. c4 b5 7. cxb5 a6 8. e4 g6 9. Nc3 Bg7 10. a4 O-O 11. Qd2 Nbd7 12. Rc1 Nh5 13. Bh6 Ne5 14.
Bxg7 Kxg7 15. f4 Ng4 16. Nf3 f5 17. e5 dxe5 18. fxe5 f4 19. Bc4 Ne3 20. b3 Bf5 21. Nd1 Nxc4 22. bxc4 axb5 23. axb5 e6 24. O-O g5 25. d6 g4 26. Ne1 f3 27. gxf3 g3 28. f4 Bh3 29. Rf3 Qh4 30. Ng2 Qg4 31. Rcc3 Ra1 32.
Rxg3 1-0

[Event "*** Titled Tuesday Blitz"]
[Site "Chess.com"]
[Date "2020.04.14"]
[Round "4"]
[White "Morshynska"]
[Black "Mastroskaki"]
[Result "0-1"]
[WhiteElo "2074"]
[BlackElo "2718"]
[TimeControl "180+1"]
[EndTime "10:37:49 PDT"]
[Termination "Mastroskaki won by resignation"]

1. e4 c5 2. d3 e6 3. f4 d5 4. Be2 Nc6 5. c3 g6 6. Nf3 Bg7 7. O-O Nge7 8. Qe1 d4 9. a4 b6 10. Na3 Ba6 11. Nb5 O-O 12. Bd2 Na5 13. c4 Nb3 14. Ra3 Nxd2 15. Qxd2 Bb7 16. Raa1 a6 17. Na3 Nc6 18. Nc2 f5 19. Ng5 Qd7 20. exf5 exf5 21. Bf3 Na5 22. Qf2 h6 23. Bxb7 Nxb7 24. Nf3 Rae8 25. b4 Qd6 26. bxc5 Nxc5 27. Nfe1 Re3 28. Ra3 Rfe8 29. a5 bxa5 30. Rxa5 Nxd3 31. Nxd3 Rxd3 32. Qf3 Rxf3 0-1

[Event "*** Titled Tuesday Blitz"]
[Site "Chess.com"]
[Date "2020.04.14"]
[Round "4"]
[White "RubensCezila"]
[Black "Justinz"]
[Result "1-0"]
[WhiteElo "2461"]
[BlackElo "2276"]
[TimeControl "180+1"]
[EndTime "10:37:50 PDT"]
[Termination "RubensCezila won by resignation"]

1. c4 e5 2. Nc3 Nf6 3. g3 c6 4. d4 exd4 5. Qxd4 d5 6. Bg5 Be7 7. e3 Be6 8. cxd5 Nxd5 9. Bxe7 Qxe7 10. Bg2 Nxc3 11. Qxc3 O-O 12. Ne2 Nd7 13. Nd4 Bg4 14.
h3 Bh5 15. Nf5 Qf6 16. Qxf6 Nxf6 17. g4 Bg6 18. Ne7+ Kh8 19. Nxg6+ hxg6 20. Ke2 Rad8 21. Rhd1 g5 22. b4 Rfe8 23. a4 a6 24. Rac1 Kg8 25.
Rxd8 Rxd8 26. Rc5 Nd5 27. Bxd5 Rxd5 28. Rxd5 cxd5 29. Kd3 Kf8 30. Kd4 Ke7 31. Kxd5 Kd7 32. a5 f6 33. Kc5 Kc7 34. e4 Kd7 35. Kb6 Kc8 36. Kc5 Kc7 37. Kd5 Kd7 38. e5 Ke7 39. e6 g6 40. f3 f5 41. Ke5 1-0

[Event "*** Titled Tuesday Blitz"]
[Site "Chess.com"]
[Date "2020.04.14"]
[Round "4"]
[White "GHANDEEVAM2003"]
[Black "tylityli"]
[Result "1-0"]
[WhiteElo "2906"]
[BlackElo "2146"]
[TimeControl "180+1"]
[EndTime "10:37:52 PDT"]
[Termination "GHANDEEVAM2003 won by resignation"]

1. d4 Nf6 2. c4 e6 3. Nc3 Bb4 4.
g3 Nc6 5. Bg2 O-O 6. Nf3 d5 7. a3 Be7 8. Ne5 Nxe5 9. dxe5 Nd7 10.
cxd5 Nxe5 11. O-O exd5 12. Nxd5 c6 13. Nxe7+ Qxe7 14. Qc2 Be6 15. f4 Nd7 16. f5 Bd5 17. e4 Bxe4 18. Qxe4 Qf6 19. Qc2 Rfe8 20. Bf4 Nb6 21.
Rae1 h6 22. Bd2 Qd4+ 23. Kh1 Nc4 24. Bc3 Qb6 25. Qf2 Qb3 26. f6 g6 27. h4 Nxa3 28.
Qd2 Kh7 29. Rxe8 Rxe8 30. bxa3 Qxa3 31. h5 g5 32. Qd3+ Kg8 33. Qg6+ 1-0

[Event "*** Titled Tuesday Blitz"]
[Site "Chess.com"]
[Date "2020.04.14"]
[Round "4"]
[White "MusicCityMaster"]
[Black "lrestevez"]
[Result "0-1"]
[WhiteElo "2314"]
[BlackElo "2150"]
[TimeControl "180+1"]
[EndTime "10:37:53 PDT"]
[Termination "lrestevez won by resignation"]

1. e4 e5 2. Nf3 Nc6 3. Bb5 a6 4.
Ba4 b5 5. Bb3 Nf6 6. O-O Be7 7.
Re1 O-O 8. c3 d5 9. exd5 Nxd5 10. Nxe5 Nxe5 11. Rxe5 Nf6 12. h3 Bd6 13. Re1 Ng4 14. Qf3 Qh4 15. d4 Nxf2 16. Qxf2 Bh2+ 17. Kf1 Bg3 18. Qe3 Bxh3 19. Re2 Bg4 20. Bd1 Rae8 21.
Qg1 Bxe2+ 22. Bxe2 Qf6+ 0-1

[Event "*** Titled Tuesday Blitz"]
[Site "Chess.com"]
[Date "2020.04.14"]
[Round "4"]
[White "Kiborg95"]
[Black "almo64"]
[Result "0-1"]
[WhiteElo "2787"]
[BlackElo "2863"]
[TimeControl "180+1"]
[EndTime "10:37:54 PDT"]
[Termination "almo64 won by resignation"]

1. e4 c5 2. Nc3 Nc6 3. Nge2 Nf6 4.
d4 cxd4 5. Nxd4 d6 6. Bc4 e6 7.
Be3 a6 8. f4 Qc7 9. Bb3 Na5 10.
Qf3 b5 11. O-O Bb7 12. f5 Nxb3 13. cxb3 b4 14. Na4 Bxe4 15. Qh3 e5 16. Rac1 Qb7 17. Ne2 Nd5 18. Bd2 Be7 19. Rc4 Nf6 20. Rxb4 Qc7 21. Rc1 Qd8 22. Nec3 Bc6 23. Nb6 a5 24. Nxa8 axb4 0-1

[Event "*** Titled Tuesday Blitz"]
[Site "Chess.com"]
[Date "2020.04.14"]
[Round "4"]
[White "michaelk123"]
[Black "erlesfar"]
[Result "1-0"]
[WhiteElo "2457"]
[BlackElo "2260"]
[TimeControl "180+1"]
[EndTime "10:37:59 PDT"]
[Termination "michaelk123 won by resignation"]

1. e4 d5 2. exd5 Qxd5 3. Nf3 Bg4 4. Be2 Nc6 5. d4 Nf6 6. Be3 e6 7. c4 Qf5 8. h3 Bxf3 9. Bxf3 Bb4+ 10. Nc3 O-O 11. O-O Rfd8 12. Qa4 Bxc3 13. bxc3 Ne4 14. Qc2 Nd6 15. Qxf5 exf5 16. Bxc6 bxc6 17. c5 Ne4 18. Rfc1 f6 19. f3 Ng5 20. Bxg5 fxg5 21. Rab1 Rab8 22. Kf2 Kf7 23. Rb3 Rb5 24. Rcb1 a6 25.
a4 Ra5 26. Rb4 Re8 27. Re1 Rxe1 28. Kxe1 Ke6 29. Kd2 Kd7 30. Kc2 g6 31. Kb3 1-0

[Event "*** Titled Tuesday Blitz"]
[Site "Chess.com"]
[Date "2020.04.14"]
[Round "4"]
[White "ClockworkKubrick"]
[Black "AlexandraBotez"]
[Result "1-0"]
[WhiteElo "2215"]
[BlackElo "1964"]
[TimeControl "180+1"]
[EndTime "10:38:00 PDT"]
[Termination "ClockworkKubrick won by resignation"]

1. e4 e6 2. Nc3 d5 3. d3 c5 4. Nf3 Nc6 5. Be2 d4 6. Nb1 e5 7. O-O h6 8. h3 Nf6 9. Nh2 g5 10. c3 Bd6 11. Nd2 b5 12. a4 b4 13.
cxb4 Nxb4 14. Nc4 Be6 15. b3 Qd7 16. Bd2 a5 17. Bxb4 cxb4 18. Rc1 O-O 19. Nb6 Qb7 20. Nxa8 Rxa8 21. Ng4 Nxg4 22. Bxg4 Qd7 23. Bxe6 Qxe6 24. Rc4 Kg7 25. Qe2 Rf8 26. Qg4 Qf6 27. Rfc1 Kg6 28. h4 h5 29. Qxg5+ Qxg5 30. hxg5 Kxg5 31. Rc6 Be7 32.
Ra6 Kf4 33. Rxa5 Rg8 34. Kf1 h4 35. Rc7 1-0

[Event "*** Titled Tuesday Blitz"]
[Site "Chess.com"]
[Date "2020.04.14"]
[Round "4"]
[White "JozefKneht"]
[Black "Suleyman_Chess06"]
[Result "0-1"]
[WhiteElo "2592"]
[BlackElo "2237"]
[TimeControl "180+1"]
[EndTime "10:38:01 PDT"]
[Termination "Suleyman_Chess06 won by checkmate"]

1. e4 e6 2. d4 d5 3. Nc3 dxe4 4. Nxe4 Bd7 5. Nf3 Bc6 6. Bd3 Nd7 7. O-O Ngf6 8. Ng3 Bd6 9. Re1 O-O 10. c4 b6 11. Bg5 h6 12. Bd2 Bb7 13. Bc3 c5 14.
Qe2 cxd4 15. Nxd4 Bc5 16. Rad1 Bxd4 17. Bxd4 Qc7 18. b3 Rad8 19. Qb2 Rfe8 20. h3 e5 21. Be3 Nc5 22. Bf1 Qc6 23. Rxd8 Rxd8 24. Bxc5 bxc5 25. Rxe5 Rd1 26. Qe2 Qxg2# 0-1

[Event "*** Titled Tuesday Blitz"]
[Site "Chess.com"]
[Date "2020.04.14"]
[Round "4"]
[White "VinzentSpitzl"]
[Black "Stameny"]
[Result "1-0"]
[WhiteElo "2351"]
[BlackElo "2517"]
[TimeControl "180+1"]
[EndTime "10:38:01 PDT"]
[Termination "VinzentSpitzl won by resignation"]

1. e4 c5 2. Nf3 Nc6 3. d4 cxd4 4. Nxd4 g6 5. c4 Nf6 6. Nc3 d6 7. Be2 Bg7 8. Be3 O-O 9. O-O Bd7 10. Qd2 Nxd4 11. Bxd4 Bc6 12. f3 a5 13. Rfc1 Nd7 14.
Be3 a4 15. Rab1 Qa5 16. b4 axb3 17. axb3 b6 18. b4 Qe5 19. f4 Qf6 20. Bf3 e5 21. f5 gxf5 22. Bg5 Qe6 23. exf5 Qxc4 24. Nd5 Bxd5 25. Rxc4 Bxc4 26. Bxa8 Rxa8 27. Qxd6 f6 28. Qxd7 fxg5 29. Qc6 1-0

[Event "*** Titled Tuesday Blitz"]
[Site "Chess.com"]
[Date "2020.04.14"]
[Round "4"]
[White "flomarechot"]
[Black "Chess_Boxer123"]
[Result "0-1"]
[WhiteElo "2177"]
[BlackElo "2478"]
[TimeControl "180+1"]
[EndTime "10:38:01 PDT"]
[Termination "Chess_Boxer123 won on time"]

1. d4 d5 2. c4 c6 3. Nc3 Nf6 4. cxd5 cxd5 5. Bg5 e6 6. Qc2 a6 7.
e3 Nc6 8. Bd3 h6 9. Bh4 Be7 10.
a3 O-O 11. Nf3 Bd7 12. O-O Rc8 13. Rac1 b5 14. Qb1 Na5 15. Ne5 Nc4 16. Nxc4 bxc4 17. Bc2 Rb8 18. Bg3 Rb7 19. e4 Bxa3 20. e5 Nh5 21. Bh7+ Kh8 22. Nd1 Be7 23. Rc3 Qb6 24. Qc1 Qxd4 25. Qe3 Qxe3 26. fxe3 Nxg3 27. hxg3 Kxh7 28.
Rf3 Kg8 29. g4 Bg5 30. Rh3 Ba4 31. Nf2 Rxb2 32. Ra3 Bb3 33. Rxa6 Rc8 34. Ra7 c3 0-1

[Event "*** Titled Tuesday Blitz"]
[Site "Chess.com"]
[Date "2020.04.14"]
[Round "4"]
[White "Harsha_Bharathakoti"]
[Black "MishkaFighter"]
[Result "1/2-1/2"]
[WhiteElo "2797"]
[BlackElo "2577"]
[TimeControl "180+1"]
[EndTime "10:38:02 PDT"]
[Termination "Game drawn by agreement"]

1. c4 g6 2. Nc3 c5 3. Nf3 Bg7 4.
g3 Nc6 5. Bg2 e6 6. O-O Nge7 7.
d4 cxd4 8. Nb5 O-O 9. Nfxd4 Nxd4 10. Nxd4 d5 11. cxd5 Nxd5 12. e4 Nb6 13. Nb5 Bd7 14. Qb3 Bxb5 15. Qxb5 Qd4 16. Rb1 Rac8 17. Be3 Qc4 18.
Qa5 Qa6 19. Qxa6 bxa6 20. b3 Rc2 21. a4 a5 22. Rfc1 Rfc8 23. Bf1 Rxc1 24. Rxc1 Rxc1 25.
Bxc1 Bd4 26. Kg2 Nd7 27. Bd2 Nc5 28. Bxa5 Nxb3 29. Bb4 Nc5 30. Bxc5 Bxc5 1/2-1/2

[Event "*** Titled Tuesday Blitz"]
[Site "Chess.com"]
[Date "2020.04.14"]
[Round "4"]
[White "Bagirova"]
[Black "Egorov_Pavel"]
[Result "1-0"]
[WhiteElo "2221"]
[BlackElo "2399"]
[TimeControl "180+1"]
[EndTime "10:38:02 PDT"]
[Termination "Bagirova won by resignation"]

1. e4 Nf6 2. e5 Nd5 3. d4 d6 4.
exd6 cxd6 5. Nf3 g6 6. Bd3 Bg7 7. O-O O-O 8. c3 Nc6 9. h3 e5 10. dxe5 dxe5 11. Bc4 Nb6 12. Bb3 a5 13. a4 h6 14. Be3 Nd7 15. Nbd2 Nf6 16. Nc4 Nd5 17. Bc5 Nde7 18. Qxd8 Rxd8 19. Ncxe5 Nxe5 20. Nxe5 Bxe5 21. Bxe7 Rd2 22. Rad1 Rxb2 23. Rd8+ Kg7 24. Bf8+ Kf6 25. Bd5 Rd2 26. c4 Rb8 27. Bxh6 Be6 28. Rxb8 Bxb8 29. Bxd2 1-0